 Dungeon Crawl Stone Soup version 0.30-a0-52-g86a8295270 (webtiles) character file.

Game seed: 7510518432420559145

5 frimble the Trooper (level 1, 0/18 HPs)
             Began as a Demonspawn Cinder Acolyte on Sept 6, 2022.
             Was a High Priest of Ignis.
             Slain by a giant cockroach (2 damage)
             ... on level 1 of the Dungeon.
             The game lasted 00:00:34 (215 turns).

frimble the Trooper (Demonspawn Cinder Acolyte)      Turns: 215, Time: 00:00:35

Health: 0/18       AC:  2    Str: 14    XL:     1   Next: 66%
Magic:  2/2        EV: 11    Int: 15    God:    Ignis [*****.]
Gold:   13         SH:  0    Dex:  8    Spells: 2/2 levels left

rFire   + . .      SeeInvis .      - Unarmed
rCold   . . .      Faith    .    (no shield)
rNeg    . . .      Spirit   .    a - +0 robe
rPois   .          Reflect  .    (no helmet)
rElec   .          Harm     .    (no cloak)
rCorr   .          Rampage  .    (no gloves)
Will    .....                    (no boots)
Stlth   +.........               (no amulet)
HPRegen 0.06/turn                (no ring)
MPRegen 0.08/turn                (no ring)

@: no status effects
A: no striking features
a: Renounce Religion, Fiery Armour, Foxfire Swarm, Rising Flame


You were on level 1 of the Dungeon.
You worshipped Ignis.
Ignis was extremely pleased with you.
You visited 1 branch of the dungeon, and saw 1 of its levels.

You collected 13 gold pieces.

Inventory:

Armour
 a - a +0 robe (worn)
Potions
 b - a potion of haste {unknown}


   Skills:
 - Level 3.0 Fighting
 - Level 2.7 Unarmed Combat
 - Level 1.0 Spellcasting
 + Level 3.0 Fire Magic


You had 2 spell levels left.
You didn't know any spells.
Your spell library contained the following spells:

 Spells                   Type           Power      Damage    Failure   Level
 Scorch                   Fire           18%        2d5       11%         2


Dungeon Overview and Level Annotations

Branches:
Dungeon (1/15)

Altars:


Message History

The bat hits you but does no damage. The bat attacks as you move away!
The bat hits you but does no damage.
A bat comes into view.
The kobold shouts!
The bat hits you.
* * * LOW HITPOINT WARNING * * *
You see here 3 gold pieces.
The bat barely misses you. The bat misses you. The bat hits you.
* * * LOW HITPOINT WARNING * * *
A giant cockroach comes into view.
The bat misses you. The bat hits you.
* * * LOW HITPOINT WARNING * * *
You see here a scroll labelled JOTOGA MUOREELYNN.
b - a scroll labelled JOTOGA MUOREELYNN The bat hits you but does no damage. x2; The kobold barely misses you.
The giant cockroach barely misses you.
As you read the scroll labelled JOTOGA MUOREELYNN, it crumbles to dust.
You feel strangely unstable.
It was a scroll of teleportation.
The bat hits you.
* * * LOW HITPOINT WARNING * * *
The bat hits you but does no damage.
The kobold hits you with a +0 short sword.
* * * LOW HITPOINT WARNING * * *
The giant cockroach closely misses you. x2
The bat barely misses you. The bat closely misses you.
The bat hits you but does no damage. The kobold barely misses you.
The giant cockroach completely misses you.
The giant cockroach waves its antennae.
The bat barely misses you. x2; The bat hits you but does no damage. x2
The giant cockroach waves its antennae.
The giant cockroach barely misses you.
Your surroundings suddenly seem different.
You now have 13 gold pieces.
There are no items here.
You see here a sedimented black potion.
b - a sedimented black potion You flicker for a moment.
You flicker back into view.
The giant cockroach bites you.
You die...

#....#....#8..8.._..
#....#######......
#....# ... #....#
#....# #....# #....#
#...B# #...@# ######


You could see a giant cockroach.

Vanquished Creatures
  A bat (D:1)
  An endoplasm (D:1)
  A hobgoblin (D:1)
  A frilled lizard (D:1)
  A rat (D:1)
5 creatures vanquished.

Notes
Turn   | Place    | Note
-------+----------+-------------------------------------------
     0 | D:1      | frimble the Demonspawn Cinder Acolyte began the quest for
                  | the Orb.
     0 | D:1      | Reached XP level 1. HP: 18/18 MP: 2/2
   177 | D:1      | Found a faded altar of an unknown god.
   215 | D:1      | Slain by a giant cockroach

Illustrated notes

Levels and vault maps discovered:
D:1:      dpeg_arrival_signposts, layout_basic,
          hellmonk_ecumenical_altar_arch_garden

Skill      XL: |  1 |
---------------+----+-----
Fire Magic     | 3 |  3.0
Fighting       | |  3.0
Unarmed Combat | |  2.7
Spellcasting   | |  1.0

Action                   || total
-------------------------++-------
Melee: Unarmed           ||    33
  Use: Scroll            ||     1
       Potion            ||     1
Armor: Robe              ||    19
Dodge: Dodged            ||    40

Table legend: (Time is in decaauts)
 A = Elapsed time spent in this place.
 B = Non-inter-level travel time spent in this place.
 C = Inter-level travel time spent in this place.
 D = Time resting spent in this place.
 E = Time spent auto-exploring this place.
 F = Levels seen in this place.
 G = Mean time per level.
                   A        B        C        D        E       F      G
               +--------+--------+--------+--------+--------+-----+--------+
         Total |    213 |    213 |      0 |      0 |    121 |   1 |  213.0 |
       Dungeon |    213 |    213 |      0 |      0 |    121 |   1 |  213.0 |
               +--------+--------+--------+--------+--------+-----+--------+

Top non-repeatable levels by time:
     D:1: 213 daAuts
